 Dungeon Crawl Stone Soup version 0.20.0-15-g7f486f2 (webtiles) character file.

88814 kuniqs the Covert (level 15, -1/81 HPs)
             Began as a Vine Stalker Fighter on June 11, 2017.
             Was a Believer of Uskayaw.
             Succumbed to a tengu conjurer's bolt of poison
             ... on level 12 of the Dungeon on June 12, 2017.
             The game lasted 00:47:28 (19434 turns).

kuniqs the Covert (Vine Stalker Fighter)           Turns: 19434, Time: 00:47:28

Health: -1/81      AC: 30    Str: 26    XL:     15   Next: 95%
Magic:  2/23       EV: 10    Int:  8    God:    Uskayaw [**....]
Gold:   460        SH: 21    Dex: 15    Spells: 14/14 levels left

rFire    . . .     SeeInvis .   a - +1 rapier
rCold    . . .     Gourm    .   T - +2 large shield
rNeg     . . .     Faith    .   U - +6 plate armour {ponderous}
rPois    .         Spirit   +   (helmet restricted)
rElec    +         Reflect  .   y - +1 cloak
rCorr    .         Harm     .   k - +1 pair of gloves
MR       ++...     Clarity  +   (no boots)
Stlth    ..........             o - amulet of rage
Regen    1.1/turn               c - ring of Votirikk {rElec AC+5 Str+2}
MPRegen  0.2/turn               A - ring of protection from magic

@: lethally poisoned (-1 -> -10), slow
A: antennae 1, fangs 3, clarity, regeneration 2, electricity resistance, magic
shield, antimagic bite, no potion heal 3, rot immunity
a: Stomp, Line Pass, Renounce Religion, Evoke Berserk Rage


You were on level 12 of the Dungeon.
You worshipped Uskayaw.
Uskayaw was aware of your devotion.
You were not hungry.

You visited 4 branches of the dungeon, and saw 21 of its levels.
You also visited: Ossuary and Volcano.

You collected 2036 gold pieces.
You spent 1576 gold pieces at shops.

Inventory:

Hand Weapons
 a - a +1 rapier (weapon)
 O - a +0 scimitar of flaming
Missiles
 N - 3 throwing nets (quivered)
Armour
 k - a +1 pair of gloves (worn)
 y - a +1 cloak (worn)
 I - a +4 chain mail of fire resistance
 T - a +2 large shield (worn)
 U - a +6 plate armour of ponderousness (worn)
Jewellery
 c - the ring of Votirikk (left hand) {rElec AC+5 Str+2}
   (You bought it in a shop on level 7 of the Dungeon)

   [ring of protection]

   It affects your AC (+5).
   It affects your strength (+2).
   It insulates you from electricity.
 o - an amulet of rage (around neck)
 u - an uncursed ring of protection from fire
 A - a ring of protection from magic (right hand)
 D - the ring "Reotaa" {+Blink rPois Stlth+}
   (You found it on level 5 of the Lair of Beasts)

   [ring of stealth]

   It protects you from poison.
   It lets you blink.
   It makes you more stealthy.
 E - an uncursed ring of ice
Wands
 h - a wand of iceblast (6/15)
 B - a wand of paralysis (12/24)
 C - a wand of scattershot (0/9)
 F - a wand of lightning (6/15)
 J - a wand of acid (6/15)
 R - a wand of clouds (2/9)
Scrolls
 g - 4 scrolls of enchant armour
 j - 4 scrolls of magic mapping
 m - 3 scrolls of enchant weapon
 q - 13 scrolls of teleportation
 r - 3 scrolls of blinking
 v - 5 scrolls of remove curse {@r2}
 x - 3 scrolls of immolation
 G - a scroll of recharging
 K - a scroll of brand weapon
 P - a scroll of fog
 Q - a scroll of fear
Potions
 b - 7 potions of agility
 i - 3 potions of resistance
 l - 13 potions of curing {@q1}
 n - 2 potions of mutation
 t - 2 potions of haste
 w - 2 potions of brilliance
 z - 3 potions of might
 H - a potion of flight
 M - 3 potions of berserk rage
Miscellaneous
 L - a sack of spiders
Comestibles
 d - 7 bread rations
 e - 10 meat rations
 f - 17 fruits
 p - 8 royal jellies
 s - 10 chunks of flesh


   Skills:
 + Level 10.5 Fighting
 + Level 10.4 Short Blades
 + Level 9.7 Armour
 + Level 9.4 Dodging
 + Level 10.6 Stealth
 + Level 10.5 Shields
 + Level 9.9 Invocations


You had 14 spell levels left.
You didn't know any spells.

Dungeon Overview and Level Annotations

Branches:
Dungeon (12/15)            Temple (1/1) D:7            Lair (6/6) D:8
 Shoals (0/4) Lair:3       Spider (0/4) Lair:4        Slime (0/5) Lair:5
    Orc (2/2) D:10            Elf (0/3) Orc:2

Altars:
Ashenzari
Cheibriados
Dithmenos
Elyvilon
Fedhas
Gozag
Hepliaklqana
Kikubaaqudgha
Makhleb
Qazlal
Sif Muna
Trog
Uskayaw
Vehumet
Xom
Yredelemnul
The Shining One
Beogh
Jiyva

Shops:
D:7 =!=:*   D:10 *   Orc:2 :*[(

Annotations:
D:3 1 runed door


Innate Abilities, Weirdness & Mutations

You have razor-sharp teeth.
You heal very quickly.
When hurt, damage is shared between your health and your magic reserves.
Your bite disrupts and absorbs the magic of your enemies.
Potions cannot restore your health.
You are immune to rotting.
You have a pair of small antennae on your head.
You possess an exceptional clarity of mind.
You are resistant to electric shocks. (rElec)


Message History

The ettin is lightly wounded.
You feel sick. You block the tengu conjurer's attack.
The tengu conjurer pecks you but does no damage.
The tengu conjurer barely misses you. You block the ettin's attack.
The ettin hits you with a dire flail!!
* * * LOW HITPOINT WARNING * * *
You feel sick.
The tengu conjurer points at you and mumbles some strange words.
The bolt of poison hits you!
You are more poisoned.
* * * LOW HITPOINT WARNING * * *
The battlesphere fires!
The barrage of energy hits you!
Items here: (( ) † 3 large rocks; a shortbow; 19 arrows; a yak corpse
* * * LOW HITPOINT WARNING * * *
You feel very sick.
The tengu conjurer mumbles some strange words.
The tengu conjurer blinks!
Items here: )) ††††† You die...

...#..#.##.......#
.##..##.>#########
.#....##(#
##.##.##.###
##.##.##...######
......####......#
......# ##.....##
......# #...(.)#
......# ######@#
.##...##### ##)##
#.....)...#
##)C.##
#.........#
#....?#
..........#
##†*.##
#.........# #...#
#.######### .....
### ...(...
.........


You could see an ettin and a battlesphere.

Vanquished Creatures
  Rupert (Orc:2)
  An orc warlord (Orc:2)
  Josephine (D:10)
  A deep elf high priest (D:12)
  The ghost of murphy the Covert, a journeyman NaTm of Cheibriados (D:11)
  Harold (Orc:1)
  A yaktaur captain (D:12)
  7 hydras
  A centaur warrior (Volcano)
  A merfolk avatar (Lair:6)
  A two-headed ogre (D:12)
  A catoblepas (Lair:6)
  4 death yaks (Lair:6)
  4 orc high priests (Orc:2)
  Urug (Lair:3)
  Nergalle (D:10)
  3 skeletal warriors
  A hell knight (Volcano)
  A fire crab (Lair:5)
  An unseen horror (D:12)
  5 orc knights
  A lindwurm (Lair:6)
  3 orc sorcerers (Orc:2)
  A manticore (Lair:6)
  3 ugly things
  A cyclops (D:12)
  Joseph (D:10)
  Maurice (D:9)
  A merfolk siren (Lair:3)
  7 elephants (Lair:6)
  7 black mambas
  A torpor snail (Lair:6)
  12 spiny frogs
  10 komodo dragons
  12 rime drakes
  4 yaktaurs (Volcano)
  3 jumping spiders (Lair:4)
  3 trolls
  3 merfolk (Lair:3)
  3 polar bears
  3 slime creatures (D:12)
  A wind drake (Lair:6)
  3 hornets
  9 hippogriffs
  8 dream sheep
  18 blink frogs
  A centaur simulacrum (D:11)
  6 redbacks (Lair:4)
  A shadow (D:12)
  14 yaks
  Grum (D:11)
  3 wraiths (D:10)
  A steam dragon (D:11)
  3 wyverns (Lair:6)
  A warg (Orc:2)
  7 water moccasins
  2 hell hounds (D:8)
  3 porcupines
  2 ice beasts
  37 orc warriors
  A phantom (D:7)
  2 sky beasts
  A black bear (Lair:5)
  An eye of draining (D:12)
  7 ogres
  A necrophage (D:10)
  11 wolves
  6 centaurs
  13 crocodiles
  11 bullfrogs
  2 big kobolds
  A wyvern zombie (Ossuary)
  A gnoll sergeant (D:12)
  A water moccasin zombie (Ossuary)
  2 wyvern skeletons
  2 scorpions
  4 killer bees (D:9)
  7 crimson imps
  2 bullfrog zombies (Ossuary)
  5 centaur zombies
  4 hounds
  24 orc wizards
  21 orc priests
  2 centaur skeletons
  3 iguanas
  12 worker ants
  2 hound zombies
  A hound skeleton (D:9)
  16 mummies (Ossuary)
  3 howler monkey zombies (Ossuary)
  5 worker ant zombies
  8 gnolls
  13 adders
  2 shadow imps
  5 adder zombies
  An adder skeleton (D:3)
  2 worms
  5 leopard geckos
  83 orcs
  8 bats
  3 giant cockroaches
  8 hobgoblins
  4 jackals (D:7)
  12 kobolds
  4 quokkas
  2 ball pythons (D:1)
  A ball python zombie (Ossuary)
  2 giant cockroach zombies
  A goblin (D:2)
  3 jackal skeletons
  A leopard gecko skeleton (D:4)
  A leopard gecko zombie (D:6)
  3 quokka zombies (Ossuary)
  7 rats
593 creatures vanquished.

Vanquished Creatures (others)
  A slime creature (D:12)
  2 centaurs (Volcano)
  5 fungi
  3 plants (Lair:6)
  A withered plant (Ossuary)
12 creatures vanquished.

Grand Total: 605 creatures vanquished

Notes
Turn   | Place    | Note
-------+----------+-------------------------------------------
     0 | D:1      | kuniqs the Vine Stalker Fighter began the quest for the Orb.
     0 | D:1      | Reached XP level 1. HP: 11/11 MP: 2/2
   151 | D:1      | Reached XP level 2. HP: 15/16 MP: 3/3
   696 | D:2      | Reached XP level 3. HP: 19/19 MP: 4/4
  1275 | D:2      | Reached skill level 1 in Dodging
  1478 | D:3      | Gained mutation: Your natural rate of healing is unusually fast. [Vine Stalker growth]
  1478 | D:3      | Reached XP level 4. HP: 14/24 MP: 3/5
  1623 | D:3      | Found a runed door.
  2151 | D:4      | Reached XP level 5. HP: 21/28 MP: 6/6
  2478 | D:4      | Found a burning altar of Makhleb.
  2520 | D:4      | Reached XP level 6. HP: 32/32 MP: 7/7
  2521 | D:4      | Noticed an orc warrior
  2534 | D:4      | Killed an orc warrior
  2840 | D:5      | Entered Level 5 of the Dungeon
  2941 | D:5      | Found a white marble altar of Elyvilon.
  2941 | D:5      | Found a radiant altar of Vehumet.
  2948 | D:5      | Reached XP level 7. HP: 35/37 MP: 8/8
  2959 | D:5      | Found a blossoming altar of Fedhas.
  3152 | D:5      | Gained mutation: You have razor-sharp teeth. [Vine Stalker growth]
  3152 | D:5      | Reached XP level 8. HP: 29/42 MP: 5/9
  3445 | D:6      | Found a sand-covered staircase.
  3448 | D:6      | Found an opulent altar of Gozag.
  3454 | Ossuary  | Entered an ossuary
  3620 | Ossuary  | Reached skill level 5 in Fighting
  3833 | Ossuary  | Gained mutation: You have a pair of small antennae on your head. [potion of mutation]
  3833 | Ossuary  | Gained mutation: You possess an exceptional clarity of mind. [potion of mutation]
  3833 | Ossuary  | Gained mutation: You are resistant to electric shocks. (rElec) [potion of mutation]
  3906 | D:6      | Reached skill level 5 in Shields
  4052 | D:5      | Reached XP level 9. HP: 47/47 MP: 8/10
  4119 | D:5      | Reached skill level 5 in Short Blades
  4430 | D:6      | Reached skill level 5 in Armour
  4810 | D:6      | Found a glowing golden altar of the Shining One.
  5079 | D:7      | Found Kiuseuf's Jewellery Shoppe.
  5079 | D:7      | Found Apytujea's Distillery.
  5131 | D:7      | Found Qoom's Jewellery Emporium.
  5188 | D:7      | Found Fyhucage's Book Shoppe.
  5199 | D:7      | Found a staircase to the Ecumenical Temple.
  5206 | Temple   | Entered the Ecumenical Temple
  5213 | Temple   | Became a worshipper of Uskayaw the Reveler
  5233 | D:7      | Reached * piety under Uskayaw
  5419 | D:7      | Found Neutixae's Assorted Antiques.
  5427 | D:7      | Bought a fizzy coppery potion for 19 gold pieces
  5427 | D:7      | Bought an inky potion for 19 gold pieces
  5427 | D:7      | Bought a golden ring for 110 gold pieces
  5427 | D:7      | Bought a short ivory wand for 88 gold pieces
  5517 | D:7      | Found a stormy altar of Qazlal.
  5612 | D:8      | Found a staircase to the Lair.
  5724 | D:8      | Reached ** piety under Uskayaw
  5776 | D:8      | Reached skill level 1 in Invocations
  5777 | D:8      | Reached *** piety under Uskayaw
  5822 | D:8      | Found an ancient bone altar of Kikubaaqudgha.
  6517 | D:9      | Reached XP level 10. HP: 48/53 MP: 12/12
  6558 | D:9      | Noticed Maurice
  6569 | D:9      | Killed Maurice
  6569 | D:9      | Reached skill level 5 in Dodging
  6577 | D:9      | Reached **** piety under Uskayaw
  6681 | D:9      | Found a basalt altar of Yredelemnul.
  6987 | D:9      | Reached ***** piety under Uskayaw
  7001 | D:9      | Reached ****** piety under Uskayaw
  7341 | D:10     | Entered Level 10 of the Dungeon
  7376 | D:10     | Noticed Josephine
  7387 | D:10     | Killed Josephine
  7434 | D:10     | Found a staircase to the Orcish Mines.
  7642 | D:10     | Noticed Joseph
  7654 | D:10     | Killed Joseph
  7654 | D:10     | Reached XP level 11. HP: 58/58 MP: 15/15
  7721 | D:10     | Noticed Nergalle
  7728 | D:10     | Killed Nergalle
  7792 | D:10     | Found Meh Ifew's General Store.
  7801 | D:10     | Bought a +2 chain mail of poison resistance for 222 gold pieces
  8352 | D:11     | Noticed Grum
  8376 | D:11     | Killed Grum
  8543 | D:11     | Noticed a four-headed hydra
  8553 | D:11     | Killed a four-headed hydra
  8588 | D:11     | Noticed murphy's ghost (journeyman NaTm)
  8636 | D:11     | Killed murphy's ghost
  9042 | D:11     | Noticed an eight-headed hydra
  9102 | D:11     | Killed a one-headed hydra
  9102 | D:11     | Reached skill level 1 in Stealth
  9102 | D:11     | Reached skill level 5 in Invocations
  9177 | D:11     | Noticed a skeletal warrior
  9182 | D:11     | Noticed a skeletal warrior
  9286 | D:10     | Killed a skeletal warrior
  9357 | Lair:1   | Entered Level 1 of the Lair of Beasts
  9370 | Lair:1   | Found a blossoming altar of Fedhas.
  9690 | Lair:1   | Noticed a five-headed hydra
  9700 | Lair:1   | Killed a one-headed hydra
  9935 | Lair:1   | HP: 2/59 [poisoned by a spiny frog]
 10061 | Lair:2   | Gained mutation: You heal very quickly. [Vine Stalker growth]
 10061 | Lair:2   | Reached XP level 12. HP: 53/64 MP: 17/17
 10145 | Lair:2   | Identified a scroll of acquirement
 10281 | Lair:2   | Noticed a five-headed hydra
 10288 | Lair:2   | Killed a five-headed hydra
 11060 | Lair:3   | Noticed Urug
 11074 | Lair:3   | Killed Urug
 11127 | Lair:3   | Found a staircase to the Shoals.
 11733 | Lair:4   | Found a dark tunnel.
 11743 | Volcano  | Entered a volcano
 11759 | Volcano  | Noticed a centaur warrior
 11875 | Volcano  | Killed a centaur warrior
 11935 | Volcano  | Found a radiant altar of Vehumet.
 11995 | Volcano  | Reached skill level 5 in Stealth
 12397 | Lair:4   | Found an ancient bone altar of Kikubaaqudgha.
 12431 | Lair:4   | Reached XP level 13. HP: 69/69 MP: 19/19
 12432 | Lair:4   | Reached XP level 14. HP: 75/75 MP: 20/20
 12592 | Lair:4   | Found a hole to the Spider Nest.
 13068 | Lair:5   | Found a viscous altar of Jiyva.
 13068 | Lair:5   | Found a staircase to the Slime Pits.
 13265 | Lair:5   | Got a wavering bone ring
 13860 | Lair:6   | Entered Level 6 of the Lair of Beasts
 14685 | Lair:6   | Identified the ring "Reotaa" {+Blink rPois Stlth+} (You found it on level 5 of the Lair of Beasts)
 15025 | Lair:6   | Reached XP level 15. HP: 64/80 MP: 22/22
 15254 | Lair:6   | Got a transparent steel ring
 15630 | Lair:5   | Reached skill level 10 in Fighting
 15777 | Orc:1    | Entered Level 1 of the Orcish Mines
 15846 | Orc:2    | Entered Level 2 of the Orcish Mines
 16116 | Orc:1    | Noticed Harold
 16124 | Orc:1    | Killed Harold
 16406 | Orc:2    | Noticed Rupert
 16424 | Orc:2    | Killed Rupert
 16424 | Orc:2    | Reached skill level 10 in Shields
 17059 | Orc:2    | Found a roughly hewn altar of Beogh.
 17395 | Orc:2    | Found a staircase to the Elven Halls.
 17466 | Orc:2    | Reached skill level 10 in Short Blades
 17760 | Orc:2    | Noticed an orc warlord
 17901 | Orc:2    | Reached skill level 10 in Stealth
 18102 | Orc:2    | Killed an orc warlord
 18419 | Orc:2    | Found Tostratrif's Antique Armour Boutique.
 18420 | Orc:2    | Found Ewnaycli's Antique Weapon Shop.
 18421 | Orc:2    | Found Gerer's General Store.
 18421 | Orc:2    | Found Zarufesm's Book Boutique.
 18425 | Orc:2    | Bought a scroll of identify for 30 gold pieces
 18425 | Orc:2    | Identified the ring "Ugraw" {+Fly rElec Dex+3 Stlth-} (You found it on level 6 of the Lair of Beasts)
 18437 | Orc:2    | Bought a pair of glowing gloves for 210 gold pieces
 18840 | D:7      | Bought the ring of Votirikk {rElec AC+5 Str+2} for 878 gold pieces
 19432 | D:12     | HP: 3/81 [tengu conjurer/bolt of poison (15)]
 19433 | D:12     | HP: 1/81 [poisoned by a tengu conjurer (bolt of poison)]
 19434 | D:12     | Succumbed to a tengu conjurer's bolt of poison

Skill      XL: |  1  2  3  4  5  6  7  8  9 10 11 12 13 14 15 |
---------------+----------------------------------------------+-----
Short Blades   | 2 3 4 6 7 8 9 10 | 10.4
Fighting       | 3 4 5 6 7 8 9 10 | 10.5
Dodging        | 1 2 3 4 5 6 7 8 9 |  9.4
Armour         | 3 4 5 6 7 8 9 |  9.7
Shields        | 3 4 5 6 7 8 9 10 | 10.5
Invocations    | 2 4 5 7 9 |  9.9
Stealth        | 3 5 6 8 10 | 10.6

Action                   |  1- 3 |  4- 6 |  7- 9 | 10-12 | 13-15 || total
-------------------------+-------+-------+-------+-------+-------++-------
Melee: Rapier            |    98 |   181 |   477 |   613 |  1438 ||  2807
       Bite              |    27 |    64 |   183 |   252 |   653 ||  1179
       Hand axe          |       |       |       |    17 |       ||    17
       Scimitar          |       |       |       |       |    17 ||    17
Invok: Line Pass         |       |       |       |       |     1 ||     1
       Grand Finale      |       |       |       |       |     1 ||     1
 Abil: Evoke Berserk Rag |       |       |     2 |     9 |    10 ||    21
Evoke: Wand              |       |     1 |       |     3 |       ||     4
  Use: Scroll            |     2 |     7 |    10 |    13 |     4 ||    36
       Potion            |       |     1 |     6 |     1 |     1 ||     9
 Stab: Paralysed         |       |       |     3 |    31 |    72 ||   106
       Confused          |       |       |       |       |     1 ||     1
       Distracted        |       |       |       |       |     3 ||     3
  Eat: Chunk             |     2 |     5 |     9 |    22 |    34 ||    72
       Bread ration      |       |       |     1 |     1 |       ||     2
       Royal jelly       |       |       |       |     1 |     1 ||     2
Armor: Scale mail        |    44 |    10 |       |       |       ||    54
       Chain mail        |       |    71 |   156 |   212 |   307 ||   746
       Plate armour      |       |       |       |       |   128 ||   128
Dodge: Dodged            |    34 |    26 |   121 |   180 |   436 ||   797
Block: Shield            |    60 |   100 |   256 |   336 |   605 ||  1357
       Large shield      |       |       |       |       |   264 ||   264
